 Dungeon Crawl Stone Soup version 0.31-a0-988-g08d55da (webtiles) character file.

Game seed: 13449969266045729829

515 Toastz the Shooter (level 7, 0/61 HPs)
             Began as a Minotaur Hunter on Nov 4, 2023.
             Slain by a goblin
             ... wielding a +0 hand axe
              (1 damage)
             ... in a bailey.
             The game lasted 00:07:45 (3307 turns).

Toastz the Shooter (Minotaur Hunter)                Turns: 3307, Time: 00:07:45

Health: 0/61       AC:  6    Str: 16    XL:     7   Next: 0%
Magic:  6/6        EV: 12    Int:  6    God:
Gold:   154        SH:  0    Dex: 15    Spells: 6/6 levels left

rFire   . . .        a - +0 shortbow
rCold   . . .        (shield currently unavailable)
rNeg    . . .        c - +0 leather armour
rPois   .            (helmet restricted)
rElec   .            r - +1 cloak {Stlth+}
rCorr   .            (no gloves)
SInv    .            k - +0 pair of boots
Will    .....        (no amulet)
Stlth   ++           (no ring)
HPRegen 0.30/turn    (no ring)
MPRegen 0.10/turn

%: no passive effects
@: no status effects
A: horns 2, retaliatory headbutt
a: no special abilities


You were in a bailey.
You visited 1 branch of the dungeon, and saw 5 of its levels.
You also visited: Bailey.

You collected 196 gold pieces.
You spent 42 gold pieces at shops.

Inventory:

Hand Weapons
 a - a +0 shortbow (weapon)
Missiles
 d - 10 stones
Armour
 c - a +0 leather armour (worn)
 k - a +0 pair of boots (worn)
 r - a +1 cloak of stealth (worn)
Jewellery
 j - a ring of ice
Wands
 p - a wand of paralysis (12)
Scrolls
 b - a scroll of butterflies
 f - 3 scrolls of teleportation {unknown}
 h - 3 scrolls of identify {unknown}
 m - a scroll of noise {unknown}
 n - a scroll of fog {unknown}
 o - 5 scrolls of vulnerability {unknown}
 q - a scroll of fear {unknown}
 u - a scroll of enchant weapon {unknown}
Potions
 e - a potion of heal wounds {unknown}
 g - 4 potions of curing
 i - 7 potions of degeneration
 l - 4 potions of haste {unknown}
 s - a potion of invisibility {unknown}
 t - a potion of mutation {unknown}


   Skills:
 + Level 5.2 Fighting
 * Level 7.6 Ranged Weapons
 + Level 2.9 Armour
 - Level 2.1 Dodging
 - Level 0.7 Stealth


You had 6 spell levels left.
You didn't know any spells.
Your spell library contained the following spells:

 Spells                   Type           Power      Damage    Failure   Level
 Sublimation of Blood     Necr           0%         N/A       65%         2
 Wereblood                Tmut           0%         N/A       65%         2
 Stone Arrow              Conj/Erth      0%         3d7       87%         3
 Animate Armour           Summ/Erth      0%         N/A       99%         4
 Summon Hydra             Summ           0%         N/A       100%        7
 Lehudib's Crystal Spear  Conj/Erth      0%         10d2      100%        8


Dungeon Overview and Level Annotations

Branches:
Dungeon (7/15)             Bailey (1/1)
 Temple: D:4-7

Altars:
Dithmenos

Shops:
D:1 [?!!!

Annotations:
D:3 Natasha


Innate Abilities, Weirdness & Mutations

You have a pair of horns on your head.
You reflexively headbutt those who attack you in melee.


Message History

Aim: a hobgoblin, wielding a +0 war axe and wearing a +0 leather armour (64% to hit)
You shoot an arrow. The arrow hits the hobgoblin.
The hobgoblin is heavily wounded.
The hobgoblin hits you with a +0 war axe.
* * * LOW HITPOINT WARNING * * *
The goblin hits you with a +0 hand axe.
* * * LOW HITPOINT WARNING * * *
Fire: a) +0 shortbow
Press: ? - help, Q - select action, (/) - cycle Shift-Dir - straight line, f/p - hobgoblin
Aim: a hobgoblin, wielding a +0 war axe and wearing a +0 leather armour (heavily wounded, 64% to hit)
You shoot an arrow. The arrow hits the hobgoblin.
The hobgoblin is almost dead.
The hobgoblin misses you. The goblin hits you with a +0 hand axe.
* * * LOW HITPOINT WARNING * * *
Fire: a) +0 shortbow
Press: ? - help, Q - select action, (/) - cycle Shift-Dir - straight line, f/p - hobgoblin
Aim: a hobgoblin, wielding a +0 war axe and wearing a +0 leather armour (almost dead, 64% to hit)
You shoot an arrow. The arrow hits the hobgoblin.
You kill the hobgoblin!
The goblin misses you.
Fire: a) +0 shortbow
Press: ? - help, Q - select action, (/) - cycle Shift-Dir - straight line, f - goblin
Aim: a goblin, wielding a +0 hand axe and wearing a +0 leather armour (58% to hit)
You shoot an arrow.
The arrow hits the goblin but does no damage.
The goblin misses you.
Fire: a) +0 shortbow
Press: ? - help, Q - select action, (/) - cycle Shift-Dir - straight line, f/p - goblin
Aim: a goblin, wielding a +0 hand axe and wearing a +0 leather armour (58% to hit)
You shoot an arrow.
The arrow hits the goblin but does no damage.
The goblin hits you with a +0 hand axe.
* * * LOW HITPOINT WARNING * * *
Fire: a) +0 shortbow
Press: ? - help, Q - select action, (/) - cycle Shift-Dir - straight line, f/p - goblin
Aim: a goblin, wielding a +0 hand axe and wearing a +0 leather armour (58% to hit)
You shoot an arrow.
The arrow hits the goblin but does no damage.
The goblin hits you with a +0 hand axe.
You die...

## ♣♣♣♣ #+#.##
♣♣..♣♣♣
#.....###♣♣♣.....♣
........##.......♣
.........#.......♣
.........'.......♣
...⌠.....'..∩.∩..♣
....)..))@.......♣♣
........g#........♣
........##.......♣♣
#.....###♣.......♣
#+#.## ♣♣♣♣...♣♣ #
♣♣♣♣♣


You could see a goblin.

Vanquished Creatures
  2 orc warriors (Bailey)
  An orc priest (D:3)
  A hound (D:3)
  Crazy Yiuf (D:2)
  Jessica (D:3)
  Terence (D:3)
  Natasha (twice) (D:3)
  3 gnolls (D:7)
  3 adders (D:2)
  A worm (D:2)
  A dart slug (D:2)
  4 orcs (D:3)
  6 endoplasms
  A giant cockroach (D:1)
  6 goblins
  8 hobgoblins
  6 jackals (D:1)
  3 quokkas (D:2)
  2 ball pythons
  6 bats
  5 frilled lizards
  6 kobolds
  6 rats
76 creatures vanquished.

Notes
Turn   | Place    | Note
-------+----------+-------------------------------------------
     0 | D:1      | Toastz the Minotaur Hunter began the quest for the Orb.
     0 | D:1      | Reached XP level 1. HP: 18/18 MP: 0/0
    67 | D:1      | Reached XP level 2. HP: 25/25 MP: 1/1
    72 | D:1      | Found Bagran's Distillery.
   112 | D:1      | Bought a potion of curing for 42 gold pieces
   176 | D:1      | Reached skill level 5 in Ranged Weapons
   187 | D:1      | Found Jyz Ich's Magic Scroll Boutique.
   348 | D:1      | Found Leth's Antique Armour Emporium.
   480 | D:1      | Found Uduawn's Distillery.
   612 | D:1      | Found Wextokaz's Distillery.
   694 | D:2      | Reached XP level 3. HP: 26/31 MP: 2/2
  1141 | D:2      | Reached XP level 4. HP: 38/38 MP: 3/3
  1436 | D:2      | Found a runed translucent door.
  1437 | D:2      | Noticed Crazy Yiuf
  1852 | D:2      | Killed Crazy Yiuf
  1853 | D:2      | Reached skill level 6 in Ranged Weapons
  1996 | D:3      | Noticed Jessica
  1999 | D:3      | Killed Jessica
  2053 | D:3      | Reached XP level 5. HP: 46/46 MP: 4/4
  2086 | D:3      | Found a shadowy altar of Dithmenos.
  2086 | D:3      | Noticed Natasha
  2092 | D:3      | Killed Natasha
  2197 | D:3      | Noticed Natasha
  2203 | D:3      | Killed Natasha
  2204 | D:3      | Reached skill level 1 in Armour
  2235 | D:3      | Noticed Natasha
  2358 | D:3      | Found a faded altar of an unknown god.
  2762 | D:3      | Noticed Terence
  2787 | D:3      | Killed Terence
  2983 | D:3      | Reached XP level 6. HP: 52/53 MP: 5/5
  3161 | D:4      | You fall into a shaft and drop 3 floors!
  3161 | D:6      | Identified the "Ratt"
  3180 | D:7      | Found a flagged portal.
  3198 | D:7      | Reached skill level 7 in Ranged Weapons
  3267 | Bailey   | Entered a bailey
  3279 | Bailey   | Noticed an orc warrior
  3282 | Bailey   | Noticed an orc warrior
  3284 | Bailey   | Killed an orc warrior
  3285 | Bailey   | Reached skill level 5 in Fighting
  3295 | Bailey   | Killed an orc warrior
  3296 | Bailey   | Reached XP level 7. HP: 13/61 MP: 6/6
  3303 | Bailey   | HP: 3/61 [goblin/+0 hand axe (2)]
  3306 | Bailey   | HP: 1/61 [goblin/+0 hand axe (3)]
  3307 | Bailey   | Slain by a goblin

Illustrated notes

Levels and vault maps discovered:
D:1:      sevenhm_arrival_forest_fort_small_6, layout_loops_ring, serial_shops,
          nicolae_shop_hallway_stairs, shop_statue, nicolae_shop_trees, shop,
          shop, nicolae_the_louvre
D:2:      layout_loops_corners, uniq_crazy_yiuf_cottage
D:3:      wad_lake_hut, layout_basic, nicolae_dithmenos_through_a_glass_darkly,
          hellmonk_ecumenical_altar_pennies_from_heaven, minivault_23,
          palyth_stone_intersect, kennysheep_minor_cross, uniq_jessica,
          uniq_natasha, uniq_terence
D:4:      layout_rooms, nemelex_dance_club_becter, uniq_robin, uniq_grinder
D:7:      layout_loops_ring, zin_scriptorium, enter_bailey_7, st_stairs_12
Bailey:   bailey_axe_minmay_hex_keep, bailey

Skill      XL: |  1  2  3  4  5  6 |
---------------+-------------------+-----
Fighting       | 3 4 5 |  5.2
Ranged Weapons | 5 6 7 |  7.6
Armour         | 1 2 |  2.9
Dodging        | |  2.1
Stealth        | |  0.7

Action                     |  1- 3 |  4- 6 |  7- 9 || total
---------------------------+-------+-------+-------++-------
   Fire: Shortbow          |   103 |   135 |    11 ||   249
 Armour: Leather armour    |    21 |    48 |     7 ||    76
         Skin              |       |     2 |       ||     2
  Dodge: Dodged            |    26 |    36 |     6 ||    68

Table legend: (Time is in decaauts)
 A = Elapsed time spent in this place.
 B = Non-inter-level travel time spent in this place.
 C = Inter-level travel time spent in this place.
 D = Time resting spent in this place.
 E = Time spent auto-exploring this place.
 F = Levels seen in this place.
 G = Mean time per level.
                   A        B        C        D        E       F      G
               +--------+--------+--------+--------+--------+-----+--------+
         Total |   3352 |   3217 |    135 |    321 |   2351 |   6 |  558.7 |
       Dungeon |   3311 |   3176 |    135 |    321 |   2340 |   5 |  662.2 |
        Bailey |     41 |     41 |      0 |      0 |     11 |   1 |   41.0 |
               +--------+--------+--------+--------+--------+-----+--------+

Top non-repeatable levels by time:
     D:2: 1285 daAuts
     D:3: 1209 daAuts
     D:1: 693 daAuts
     D:7: 107 daAuts
  Bailey: 41 daAuts
     D:4: 16 daAuts
